 Dungeon Crawl Stone Soup version 0.28.0-53-g5a82cb258f (webtiles) character file.

Game seed: 13520952985016863225

124 quokkamancerX the Sneak (level 5, 0/28 HPs)
             Began as a Gargoyle Earth Elementalist on June 4, 2022.
             Slain by an orc
             ... wielding a +2 dagger of freezing
              (1 damage)
             ... on level 2 of the Dungeon.
             The game lasted 00:12:06 (4145 turns).

quokkamancerX the Sneak (GrEE)                      Turns: 4145, Time: 00:12:06

Health: 0/28       AC:  8    Str: 11    XL:     5   Next: 8%
Magic:  10/10      EV: 11    Int: 18    God:
Gold:   74         SH:  0    Dex: 10    Spells: 10/11 levels left

rFire   + . .      SeeInvis .   h - +3 spear (vorpal)
rCold   . . .      Faith    .   (no shield)
rNeg    + . .      Spirit   .   d - +0 leather armour {rF+}
rPois   ∞          Reflect  .   i - +0 helmet
rElec   +          Harm     .   (no cloak)
rCorr   .          Rampage  .   (no gloves)
Will    .....                   (no boots)
Stlth   ++........              (no amulet)
HPRegen 0.09/turn               (no ring)
MPRegen 0.12/turn               (no ring)

@: no status effects
A: sickness immunity, AC +4, negative energy resistance 1, electricity
resistance, torment resistance 1, petrification resistance
a: no special abilities


You were on level 2 of the Dungeon.
You visited 1 branch of the dungeon, and saw 3 of its levels.

You collected 74 gold pieces.

Inventory:

Hand Weapons
 h - a +3 vorpal spear (weapon)
Missiles
 c - 112 stones
Armour
 d - a +0 leather armour of fire resistance (worn)
 i - a +0 helmet (worn)
Scrolls
 e - 2 scrolls of blinking {unknown}
 f - 2 scrolls of identify {unknown}
 g - a scroll of teleportation {unknown}
 j - a scroll of vulnerability {unknown}
 k - a scroll of magic mapping {unknown}
 m - a scroll of enchant weapon {unknown}
Potions
 a - a potion of degeneration {unknown}
 b - a potion of brilliance {unknown}
 l - 2 potions of haste {unknown}
 n - a potion of mutation {unknown}


   Skills:
 - Level 1.5 Dodging
 + Level 4.5 Stealth
 + Level 3.6 Spellcasting
 - Level 0.7 Transmutations
 - Level 3.6 Earth Magic


You had 10 spell levels left.
You knew the following spells:

 Your Spells              Type           Power      Damage    Failure   Level
a - Sandblast             Erth           32%        2d9       4%          1

Your spell library contained the following spells:

 Spells                   Type           Power      Damage    Failure   Level
 Passwall                 Tmut/Erth      9%         N/A       13%         2
 Stone Arrow              Conj/Erth      18%        3d8       28%         3
 Petrify                  Tmut/Erth      11%        N/A       63%         4


Dungeon Overview and Level Annotations

Branches:
Dungeon (3/15)

Altars:
Ru

Annotations:
D:2 1 runed translucent door, Crazy Yiuf


Innate Abilities, Weirdness & Mutations

You are immune to sickness and miasma.
Your stone body is resilient. (AC +4)
You are immune to poison.
You resist negative energy. (rN+)
You are resistant to electric shocks. (rElec)
You are resistant to unholy torment.
You are immune to petrification.


Message History

The orc wizard hits you but does no damage.
You closely miss the orc wizard. The orc wizard closely misses you.
The orc wizard hits you but does no damage.
The orc barely misses you.
You barely miss the orc wizard.
The orc wizard gestures wildly while chanting.
The orc wizard flickers and vanishes!
Deactivating autopickup; reactivate with Ctrl-A.
The orc hits you with a +2 dagger of freezing.
The orc freezes you.
You closely miss something. Something hits you!
The orc hits you but does no damage.
You hit something. Something hits you. The orc misses you.
You closely miss something.
You hear some strange, mumbled words.
You are confused.
The orc hits you with a +2 dagger of freezing.
* * * LOW HITPOINT WARNING * * *
The orc freezes you.
* * * LOW HITPOINT WARNING * * *
Okay, then.
The orc hits you but does no damage.
You bump into the rock wall.
You feel less confused. The orc hits you but does no damage.
There is a stone staircase leading up here.
The orc hits you with a +2 dagger of freezing.
* * * LOW HITPOINT WARNING * * *
The orc freezes you.
* * * LOW HITPOINT WARNING * * *
You climb upwards.
Level annotation: 1 runed translucent door, Crazy Yiuf Reactivating autopickup.
There is a stone staircase leading down here.
You barely miss the orc. You punch the orc.
The orc is moderately wounded.
The orc hits you with a +2 dagger of freezing.
* * * LOW HITPOINT WARNING * * *
The orc freezes you.
You die...

........####.##.......♣♣♣♣.+...#
..#####.......(.#.#..♣♣ ♣♣#..)#
.## ######......##♣♣ ### .#
######.# .# ### [# ########
###### .# #......# #.##.# )#
#.####.#########(##.#
.#######<.......@o......##.#
.........####.############.#
#.######.# #.# #.# ....# #.# #.#
#.# ....####.# #.# #.#
.........# #.# #.# ....######
#.# #.# ....# #.############.#
#.### #..............#


You could see an orc.

Vanquished Creatures
  Robin (D:2)
  3 gnolls (D:3)
  An adder (D:2)
  A dart slug (D:2)
  An orc (D:3)
  7 ball pythons
  2 endoplasms
  4 giant cockroaches
  11 goblins
  12 hobgoblins
  4 jackals (D:2)
  A quokka (D:2)
  3 bats
  2 frilled lizards (D:2)
  8 kobolds
  3 rats
64 creatures vanquished.

Notes
Turn   | Place    | Note
-------+----------+-------------------------------------------
     0 | D:1      | quokkamancerX the Gargoyle Earth Elementalist began the
                  | quest for the Orb.
     0 | D:1      | Reached XP level 1. HP: 10/10 MP: 3/3
   567 | D:1      | Found a faded altar of an unknown god.
   616 | D:1      | Reached XP level 2. HP: 11/15 MP: 5/5
  1374 | D:1      | Reached skill level 3 in Stealth
  1757 | D:2      | Noticed Robin
  1768 | D:2      | Reached XP level 3. HP: 4/19 MP: 6/6
  2600 | D:2      | Killed Robin
  2929 | D:2      | Reached XP level 4. HP: 24/24 MP: 8/8
  3001 | D:2      | Found a runed translucent door.
  3002 | D:2      | Noticed Crazy Yiuf
  3218 | D:2      | Reached skill level 4 in Stealth
  4054 | D:3      | Reached XP level 5. HP: 23/28 MP: 3/10
  4120 | D:3      | Found a sacrificial altar of Ru.
  4145 | D:2      | HP: 1/28 [orc/+2 dagger of freezing (4)]
  4145 | D:2      | Slain by an orc

Illustrated notes

Levels and vault maps discovered:
D:1:      scummos_arrival_star, layout_basic,
          dreamdust_ecumenical_altar_angels_and_demons, nrook_loot_triangle,
          nicolae_figureground_sparkle
D:2:      layout_loops_ring, uniq_crazy_yiuf_cottage, uniq_robin
D:3:      layout_loops_ring, old_standard_altar

Skill      XL: |  1  2  3  4 |
---------------+-------------+-----
Stealth        | 3 4 |  4.5
Spellcasting   | 3 |  3.6
Dodging        | |  1.5
Transmutations | |  0.7
Earth Magic    | |  3.6

Action                   |  1- 3 |  4- 6 || total
-------------------------+-------+-------++-------
Melee: Dagger            |    29 |       ||    29
       Unarmed           |    12 |       ||    12
       Short sword       |    71 |       ||    71
       Spear             |     6 |    69 ||    75
       Punch             |       |     1 ||     1
 Cast: Sandblast         |    10 |     7 ||    17
 Stab: Sleeping          |     5 |     6 ||    11
       Distracted        |       |     1 ||     1
Armor: Robe              |    30 |       ||    30
       Leather armour    |    25 |    24 ||    49
Dodge: Dodged            |    63 |    31 ||    94
